 Dungeon Crawl Stone Soup version 0.30-a0-4-ga7cffc901d (webtiles) character file.

Game seed: 8754009406202643854

429 drpainis the Caller (level 6, -1/42 HPs)
             Began as a Merfolk Summoner on Aug 20, 2022.
             Slain by Prince Ribbit (11 damage)
             ... on level 6 of the Dungeon.
             The game lasted 00:09:47 (8127 turns).

drpainis the Caller (Merfolk Summoner)              Turns: 8127, Time: 00:09:47

Health: -1/42      AC:  3    Str:  9    XL:     6   Next: 98%
Magic:  6/12       EV: 13    Int: 16    God:
Gold:   193        SH:  0    Dex: 14    Spells: 5/14 levels left

rFire   . . .      SeeInvis .    d - +0 short sword
rCold   . . .      Faith    .    (no shield)
rNeg    . . .      Spirit   .    a - +0 robe
rPois   .          Reflect  .    (no helmet)
rElec   .          Harm     .    (no cloak)
rCorr   .          Rampage  .    (no gloves)
Will    .....                    e - +0 pair of boots
Stlth   ++........               (no amulet)
HPRegen 0.14/turn                (no ring)
MPRegen 0.13/turn                (no ring)

@: no status effects
A: (nimble swimmer 2), mertail
a: no special abilities


You were on level 6 of the Dungeon.
You visited 1 branch of the dungeon, and saw 6 of its levels.

You collected 193 gold pieces.

Inventory:

Hand Weapons
 d - a +0 short sword (weapon)
Armour
 a - a +0 robe (worn)
 e - a +0 pair of boots (worn)
Magical Staves
 i - a staff of air
Scrolls
 f - 3 scrolls of vulnerability {unknown}
 g - a scroll of torment {unknown}
 h - a scroll of amnesia {unknown}
 j - a scroll of butterflies {unknown}
 k - 4 scrolls of identify {unknown}
 l - a scroll of poison {unknown}
 n - 3 scrolls of teleportation {unknown}
 o - a scroll of enchant armour {unknown}
 r - a scroll of enchant weapon {unknown}
 s - a scroll of fear {unknown}
 u - a scroll of noise {unknown}
 v - a scroll of immolation {unknown}
Potions
 b - a potion of flight {unknown}
 c - a potion of magic
 m - a potion of mutation {unknown}
 q - a potion of haste {unknown}
 t - a potion of heal wounds {unknown}


   Skills:
 + Level 0.9 Fighting
 + Level 0.6 Short Blades
 + Level 3.2 Dodging
 + Level 3.5 Stealth
 + Level 4.5 Spellcasting
 + Level 5.8 Summonings


You had 5 spell levels left.
You knew the following spells:

 Your Spells              Type           Power      Damage    Failure   Level
a - Summon Small Mammal   Summ           88%        N/A       1%          1
b - Call Imp              Summ           22%        N/A       2%          2
c - Call Canine Familiar  Summ           22%        N/A       4%          3
d - Summon Guardian Gole  Hex/Summ       13%        N/A       14%         3

Your spell library contained the following spells:

 Spells                   Type           Power      Damage    Failure   Level
 Scorch                   Fire           6%         2d5       24%         2
 Summon Lightning Spire   Summ/Air       12%        N/A       43%         4
 Flame Wave               Conj/Fire      3%         2d5       85%         4
 Summon Cactus Giant      Summ           11%        N/A       92%         6


Dungeon Overview and Level Annotations

Branches:
Dungeon (6/15)
 Temple: D:4-7

Altars:
Nemelex Xobeh
Sif Muna

Shops:
D:5 ([(:

Annotations:
D:6 Prince Ribbit


Innate Abilities, Weirdness & Mutations

((You are very nimble when in or above water. (Stealth+, EV+, Speed+++)))
Your lower body shifts to a powerful aquatic tail in water.


Message History

Your hound bites Prince Ribbit.
Prince Ribbit closely misses you. The orc barely misses you.
Something hits your bat.
Your bat dies!
Your bat's corpse disappears in a puff of smoke!
Your hound bites Prince Ribbit.
Casting: Summon Small Mammal (safe; 1% risk of failure)
Confirm with . or Enter, or press ? or * to list all spells.
Prince Ribbit hits you!
Your hound bites Prince Ribbit.
Prince Ribbit barely misses you. The orc hits you but does no damage.
An orc priest comes into view. It is wielding a +0 club.
Unknown command.
You swap places.
Your hound bites Prince Ribbit.
Prince Ribbit misses you.
Your quokka misses Prince Ribbit. The orc hits you with a +0 flail!
Something hits your quokka.
Your hound misses Prince Ribbit.
Unknown command.
The orc attacks as you move away! The orc completely misses you.
Prince Ribbit hits you!
Your hound misses Prince Ribbit.
Your quokka closely misses Prince Ribbit.
A magic dart appears from out of thin air!
The magic dart hits your quokka!
Your quokka dies!
Your quokka's corpse disappears in a puff of smoke!
Prince Ribbit hits you!
* * * LOW HITPOINT WARNING * * *
There is a stone staircase leading down, spattered with blood here.
Your hound misses Prince Ribbit.
Prince Ribbit blinks!
The orc misses you.
You hear some strange, mumbled words.
Something tries to affect you, but you resist.
Your hound completely misses Prince Ribbit.
You climb downwards.
You hear the sound of rushing water.
There is an entrance to a sewer on this level.
Hurry and find it before the portal rusts away!
Reactivating autopickup.
There is a stone staircase leading up here.
You feel better. Prince Ribbit barely misses you.
The orc hits you with a +0 flail.
* * * LOW HITPOINT WARNING * * *
You can't go down here!
Prince Ribbit hits you!
You die...

# #.
.##
..
#.
#o##
#F@#
####


You could see Prince Ribbit and an orc.

Vanquished Creatures
  A water moccasin (D:5)
  A giant cockroach (D:3)
  2 goblins (D:3)
  A hobgoblin (D:1)
  2 kobolds (D:3)
  2 quokkas (D:1)
  A rat (D:3)
10 creatures vanquished.

Vanquished Creatures (collateral kills)
  A black bear (D:4)
  A howler monkey (D:5)
  A nameless horror (D:3)
  2 orc wizards (D:4)
  8 adders
  2 worms (D:3)
  2 dart slugs
  4 orcs
  5 bats
  7 endoplasms
  4 giant cockroaches
  3 goblins
  4 hobgoblins
  4 quokkas
  4 ball pythons
  4 kobolds
  3 rats
59 creatures vanquished.

Grand Total: 69 creatures vanquished

Notes
Turn   | Place    | Note
-------+----------+-------------------------------------------
     0 | D:1      | drpainis the Merfolk Summoner began the quest for the Orb.
     0 | D:1      | Reached XP level 1. HP: 13/13 MP: 3/3
   488 | D:1      | Reached XP level 2. HP: 12/19 MP: 0/5
   491 | D:1      | Learned a level 2 spell: Call Imp
  1134 | D:1      | Found a faded altar of an unknown god.
  1541 | D:2      | Found a shimmering blue altar of Sif Muna.
  1589 | D:2      | Reached XP level 3. HP: 7/24 MP: 2/6
  2177 | D:2      | Learned a level 3 spell: Call Canine Familiar
  2457 | D:2      | Reached XP level 4. HP: 31/31 MP: 1/7
  3390 | D:3      | Noticed a nameless horror
  4669 | D:4      | Noticed a black bear
  4696 | D:4      | Killed a black bear
  4697 | D:4      | Reached skill level 5 in Summonings
  4697 | D:4      | Reached XP level 5. HP: 3/36 MP: 0/10
  5123 | D:4      | Found a sparkling altar of Nemelex Xobeh.
  5778 | D:3      | Killed a nameless horror
  6604 | D:3      | Reached XP level 6. HP: 42/42 MP: 4/11
  7060 | D:3      | Learned a level 3 spell: Summon Guardian Golem
  7617 | D:5      | Entered Level 5 of the Dungeon
  7637 | D:5      | Found Bohoy's Armour Boutique.
  7648 | D:5      | Found Ozereh's Weapon Boutique.
  7735 | D:5      | Found Deuq's Book Emporium.
  7835 | D:5      | Noticed a water moccasin
  7852 | D:5      | Killed a water moccasin
  7937 | D:5      | Found Erih's Antique Weapon Shop.
  8108 | D:5      | Noticed Prince Ribbit
  8127 | D:6      | Slain by Prince Ribbit

Illustrated notes

Levels and vault maps discovered:
D:1:      sevenhm_arrival_forest_fort_large_2, layout_basic,
          ebering_ecumenical_altar_webs, minmay_stone_trees_medium,
          interstate_on_off
D:2:      layout_basic, basic_altar, serial_co_window_serial,
          co_window_of_opportunity_a, co_window_cross_1, co_window_corner_a,
          co_window_paths_a, co_window_paths_a, co_window_cross_3,
          co_window_corner_ca, co_window_2corner, co_window_of_opportunity_c,
          glass_columns_a, glass_columns_a, glass_columns_b, glass_columns_a,
          glass_columns_b, minmay_pentomino_u2
D:3:      layout_basic
D:4:      layout_cave_pools, kennysheep_little_box, st_stairs_3
D:5:      layout_gridville, vehumet_statue, serial_shops, kennysheep_mini_moat,
          nicolae_shop_stone, shop_fountains, nicolae_shop_hallway_plus,
          kennysheep_mini, uniq_prince_ribbit1
D:6:      layout_basic, nicolae_yredelemnul_corpse_copse, serial_shops,
          nicolae_square_shop, lightli_sewer_entry_pipes

Skill      XL: |  1  2  3  4  5  6 |
---------------+-------------------+-----
Stealth        | 3 |  3.5
Dodging        | 3 |  3.2
Spellcasting   | 3 4 |  4.5
Summonings     | 5 |  5.8
Fighting       | |  0.9
Short Blades   | |  0.6

Action                   |  1- 3 |  4- 6 || total
-------------------------+-------+-------++-------
Melee: Short sword       |    36 |    52 ||    88
       Unarmed           |     5 |       ||     5
 Cast: Summon Small Mamm |    29 |    57 ||    86
       Call Imp          |    11 |    20 ||    31
       Call Canine Famil |     2 |    25 ||    27
       Summon Guardian G |       |     4 ||     4
  Use: Potion            |     5 |     2 ||     7
 Stab: Distracted        |     1 |       ||     1
Armor: Robe              |    20 |    20 ||    40
Dodge: Dodged            |    56 |    66 ||   122

Table legend: (Time is in decaauts)
 A = Elapsed time spent in this place.
 B = Non-inter-level travel time spent in this place.
 C = Inter-level travel time spent in this place.
 D = Time resting spent in this place.
 E = Time spent auto-exploring this place.
 F = Levels seen in this place.
 G = Mean time per level.
                   A        B        C        D        E       F      G
               +--------+--------+--------+--------+--------+-----+--------+
         Total |   8131 |   8095 |     36 |   3959 |   2986 |   6 | 1355.2 |
       Dungeon |   8131 |   8095 |     36 |   3959 |   2986 |   6 | 1355.2 |
               +--------+--------+--------+--------+--------+-----+--------+

Top non-repeatable levels by time:
     D:4: 2263 daAuts
     D:3: 1978 daAuts
     D:2: 1852 daAuts
     D:1: 1529 daAuts
     D:5: 506 daAuts
     D:6: 1 daAuts
